cohdb
Replays
Latest Replays
All Replays
Popular Replays
Top Player Replays
Match Explorer
How It Works
Community
CoH3 Stats
Reddit
Sign in to upload your games and track your stats! →
Sign in with Steam
Match 38536351
Unlisted
Match 38536351
Overview
Messages
Build Orders
End
Scout Squad
Construct Barracks
M1 Mortar Team
Riflemen Squad
Riflemen Squad
Mechanized Support Center
Riflemen Squad
Grenade Package
Selects Airborne Battlegroup
Selects Heavy Machine Gun Paradrop
Selects Paratrooper Squad Paradrop
Selects Anti-tank Gun Team Paradrop
Anti-tank Gun Team Paradrop
M1918 Browning Automatic Rifles
Anti-tank Gun Team Paradrop
Paratrooper Squad Paradrop
CrazyMazzei217
Kunky K
Jdal
NO Problem Old Tie
hosconinja557[CI]
Tanith's Finest
0
0
Comments
sign in to comment!
No comments posted yet!